PR
ELLESMERE ISLAND SNOWPEOPLE @ SAN DIEGO CLIPPERS
09/05/2034
 
TOP OF THE 1ST
Ellesmere Island Snowpeople batting - Pitching for San Diego Clippers : LHP Riley Evans
Pitching: LHP Riley Evans
Batting: SHB Armond Buonaiuti 0-0: Ball
1-0: Ball
2-0: Ball
3-0: Called Strike
3-1: Called Strike
3-2: Ground out 4-3 (Groundball, 4)
Batting: RHB Tristan Eikelenboom 0-0: Ball
1-0: Called Strike
1-1: Fly out, F7 (Flyball, 7LS)
Batting: RHB Luigino Colombo 0-0: Called Strike
0-1: Swinging Strike
0-2: Foul Ball, location: 2F
0-2: Ball
1-2: Ball
2-2: Ball
3-2: Foul Ball, location: 2F
3-2: Foul Ball, location: 2F
3-2: Foul Ball, location: 2F
3-2: Foul Ball, location: 2F
3-2: Ground out 6-3 (Groundball, 56)
Top of the 1st over - 0 runs, 0 hits, 0 errors, 0 left on base; Ellesmere Island 0 - San Diego 0
BOTTOM OF THE 1ST
San Diego Clippers batting - Pitching for Ellesmere Island Snowpeople : RHP Kosami Matsumoto
Pitching: RHP Kosami Matsumoto
Batting: RHB Sze Qi 0-0: Swinging Strike
0-1: Bunt missed!
0-2: SOLO HOME RUN (Line Drive, 78XD), Distance : 423 ft
Batting: LHB Luis López 0-0: Ball
1-0: Ball
2-0: Ball
3-0: Called Strike
3-1: Base on Balls
Batting: LHB Tony Worley 0-0: Ball
1-0: Foul Ball, location: 2F
1-1: Called Strike
1-2: Strikes out looking
Batting: RHB Cleveland Mortimer 0-0: Called Strike
0-1: Ball
1-1: Fly out, F8 (Flyball, 8RM)
Batting: RHB Bill Fernández 0-0: Foul Ball, location: 2F
0-1: Fly out, F8 (Flyball, 78D)
Bottom of the 1st over - 1 run, 1 hit, 0 errors, 1 left on base; Ellesmere Island 0 - San Diego 1
TOP OF THE 2ND
Ellesmere Island Snowpeople batting - Pitching for San Diego Clippers : LHP Riley Evans
Batting: LHB Jacques Viceronte 0-0: Foul Ball, location: 2F
0-1: Ground out 4-3 (Groundball, 4)
Batting: RHB Riemer Kila 0-0: Ball
1-0: Ball
2-0: Foul Ball, location: 2F
2-1: Fly out, F8 (Line Drive, 89D)
Batting: RHB Teok-kyu Pak 0-0: Swinging Strike
0-1: Called Strike
0-2: Hit by Pitch
Batting: RHB Carlos Moreno 0-0: Ground out 1-3 (Groundball, P)
Top of the 2nd over - 0 runs, 0 hits, 0 errors, 1 left on base; Ellesmere Island 0 - San Diego 1
BOTTOM OF THE 2ND
San Diego Clippers batting - Pitching for Ellesmere Island Snowpeople : RHP Kosami Matsumoto
Batting: RHB Zhen-bang Kwan 0-0: Swinging Strike
0-1: Ball
1-1: Ball
2-1: Ball
3-1: Base on Balls
Batting: LHB Pedro Serano 0-0: Ball
1-0: Fly out, F8 (Flyball, 8LM)
Batting: RHB Man-su Chong 0-0: Ball
1-0: Called Strike
1-1: Ball
2-1: Foul Ball, location: 2F
2-2: Strikes out looking
Batting: LHB Dan Hines 0-0: Fly out, F7 (Flyball, 7)
Bottom of the 2nd over - 0 runs, 0 hits, 0 errors, 1 left on base; Ellesmere Island 0 - San Diego 1
TOP OF THE 3RD
Ellesmere Island Snowpeople batting - Pitching for San Diego Clippers : LHP Riley Evans
Batting: RHB Feng-yi Wen 0-0: Ball
1-0: Fly out, F4 (Line Drive, 4M)
Batting: RHB José González 0-0: Ball
1-0: Ball
2-0: Ball
3-0: Called Strike
3-1: Foul Ball, location: 2F
3-2: Base on Balls
Batting: SHB Armond Buonaiuti 0-0: Foul Ball, location: 2F
0-1: Called Strike
0-2: Foul Ball, location: 2F
0-2: Ball
1-2: Ball
2-2: Foul Ball, location: 2F
2-2: Grounds into double play, 4-6-3 (Groundball, 4)
Top of the 3rd over - 0 runs, 0 hits, 0 errors, 0 left on base; Ellesmere Island 0 - San Diego 1
BOTTOM OF THE 3RD
San Diego Clippers batting - Pitching for Ellesmere Island Snowpeople : RHP Kosami Matsumoto
Batting: RHB Sze Qi 0-0: Ball
1-0: Bunt missed!
1-1: Reached via error on a dropped throw, E3
Batting: LHB Luis López 0-0: SINGLE (Groundball, 34D)
Sze Qi to second
Runner from 2nd tries for 3rd, OUT!
Batting: LHB Tony Worley 0-0: Foul Ball, location: 2F
0-1: Foul Ball, location: 2F
0-2: TRIPLE (Line Drive, 89XD)
Luis López scores
Batting: RHB Cleveland Mortimer 0-0: Called Strike
0-1: Called Strike
0-2: Foul Ball, location: 2F
0-2: Ball
1-2: Foul Ball, location: 2F
1-2: Ball
2-2: Ball
3-2: Foul Ball, location: 2F
3-2: Reached on error, E6 (Groundball, 6)
Tony Worley scores
Batting: RHB Bill Fernández 0-0: Ball
1-0: Called Strike
1-1: Called Strike
1-2: Foul Ball, location: 2F
1-2: Strikes out looking
Batting: RHB Zhen-bang Kwan 0-0: Called Strike
0-1: Ball
1-1: Ball
2-1: SINGLE (Groundball, 34D)
Cleveland Mortimer to second
Runner from 2nd tries for 3rd, SAFE, throw made to third
Batting: LHB Pedro Serano 0-0: Foul Ball, location: 2F
0-1: Ground out 4-3 (Groundball, 4)
Bottom of the 3rd over - 2 runs, 3 hits, 2 errors, 2 left on base; Ellesmere Island 0 - San Diego 3
TOP OF THE 4TH
Ellesmere Island Snowpeople batting - Pitching for San Diego Clippers : LHP Riley Evans
Batting: RHB Tristan Eikelenboom 0-0: Ball
1-0: Swinging Strike
1-1: Swinging Strike
1-2: Ball
2-2: Foul Ball, location: 2F
2-2: Ball
3-2: Base on Balls
Batting: RHB Luigino Colombo 0-0: Ball
1-0: Called Strike
1-1: Ball
2-1: Foul Ball, location: 2F
2-2: Hit by Pitch
Tristan Eikelenboom to second
Batting: LHB Jacques Viceronte 0-0: Ball
1-0: Called Strike
1-1: Foul Ball, location: 2F
1-2: Foul Ball, location: 2F
1-2: Ball
2-2: Foul Ball, location: 2F
2-2: Fly out, F9 (Flyball, 9S)
Batting: RHB Riemer Kila 0-0: SINGLE (Groundball, 6MD)
Tristan Eikelenboom to third
Luigino Colombo to second
Batting: RHB Teok-kyu Pak 0-0: Called Strike
0-1: DOUBLE (Line Drive, 7LM)
Tristan Eikelenboom scores
Luigino Colombo scores
Riemer Kila to third
Batting: RHB Carlos Moreno 0-0: Ball
1-0: Swinging Strike
1-1: Swinging Strike
1-2: Ball
2-2: Strikes out swinging
Batting: RHB Feng-yi Wen 0-0: Ball
1-0: Called Strike
1-1: Ground out 5-3 (Groundball, 5)
Top of the 4th over - 2 runs, 2 hits, 0 errors, 2 left on base; Ellesmere Island 2 - San Diego 3
BOTTOM OF THE 4TH
San Diego Clippers batting - Pitching for Ellesmere Island Snowpeople : RHP Kosami Matsumoto
Batting: RHB Man-su Chong 0-0: Ball
1-0: Swinging Strike
1-1: Foul Ball, location: 2F
1-2: Ball
2-2: Ball
3-2: Fly out, F5 (Popup, 5SF)
Batting: LHB Dan Hines 0-0: Foul Ball, location: 2F
0-1: Ball
1-1: Ball
2-1: Ball
3-1: Base on Balls
Batting: RHB Sze Qi 0-0: Ball
1-0: Called Strike
1-1: Foul Ball, location: 2F
1-2: Fly out, F8 (Flyball, 8LM)
Batting: LHB Luis López 0-0: Ball
1-0: Fly out, F7 (Flyball, 78XD)
Bottom of the 4th over - 0 runs, 0 hits, 0 errors, 1 left on base; Ellesmere Island 2 - San Diego 3
TOP OF THE 5TH
Ellesmere Island Snowpeople batting - Pitching for San Diego Clippers : LHP Riley Evans
Batting: RHB José González 0-0: Ball
1-0: Swinging Strike
1-1: Foul Ball, location: 2F
1-2: Strikes out swinging
Batting: SHB Armond Buonaiuti 0-0: Called Strike
0-1: Swinging Strike
0-2: Ball
1-2: Strikes out swinging
Batting: RHB Tristan Eikelenboom 0-0: Ball
1-0: Ball
2-0: Foul Ball, location: 2F
2-1: DOUBLE (Groundball, 5L)
Batting: RHB Luigino Colombo 0-0: Called Strike
0-1: Ball
1-1: Fly out, F4 (Line Drive, 4)
Top of the 5th over - 0 runs, 1 hit, 0 errors, 1 left on base; Ellesmere Island 2 - San Diego 3
BOTTOM OF THE 5TH
San Diego Clippers batting - Pitching for Ellesmere Island Snowpeople : RHP Kosami Matsumoto
Batting: LHB Tony Worley 0-0: Ball
1-0: Called Strike
1-1: Ball
2-1: Swinging Strike
2-2: Foul Ball, location: 2F
2-2: Ground out 6-3 (Groundball, 6)
Pitching: LHP Jian-gun Lin
Batting: RHB Cleveland Mortimer 0-0: Foul Ball, location: 2F
0-1: Ball
1-1: DOUBLE (Flyball, 78D)
Batting: RHB Bill Fernández 0-0: Called Strike
0-1: Ground out 6-3 (Groundball, 6S)
Cleveland Mortimer to third
Batting: RHB Zhen-bang Kwan 0-0: Ball
1-0: SINGLE (Line Drive, 5L)
Cleveland Mortimer scores
Batting: LHB Pedro Serano 0-0: Ball
1-0: Foul Ball, location: 2F
1-1: Fly out, F8 (Flyball, 8LD)
Bottom of the 5th over - 1 run, 2 hits, 0 errors, 1 left on base; Ellesmere Island 2 - San Diego 4
TOP OF THE 6TH
Ellesmere Island Snowpeople batting - Pitching for San Diego Clippers : LHP Riley Evans
Batting: LHB Jacques Viceronte 0-0: Called Strike
0-1: Fly out, F8 (Flyball, 8RD)
Batting: RHB Riemer Kila 0-0: Ball
1-0: Foul Ball, location: 2F
1-1: Swinging Strike
1-2: Fly out, F7 (Line Drive, 78D)
Batting: RHB Teok-kyu Pak 0-0: Called Strike
0-1: Ball
1-1: Fly out, F8 (Flyball, 8RD)
Top of the 6th over - 0 runs, 0 hits, 0 errors, 0 left on base; Ellesmere Island 2 - San Diego 4
BOTTOM OF THE 6TH
San Diego Clippers batting - Pitching for Ellesmere Island Snowpeople : LHP Jian-gun Lin
Batting: RHB Man-su Chong 0-0: Ball
1-0: Ball
2-0: Foul Ball, location: 2F
2-1: Foul Ball, location: 2F
2-2: Foul Ball, location: 2F
2-2: Strikes out swinging
Batting: LHB Dan Hines 0-0: Called Strike
0-1: Ball
1-1: Called Strike
1-2: Ball
2-2: Strikes out swinging
Batting: RHB Sze Qi 0-0: Ground out 1-3 (Groundball, P)
Bottom of the 6th over - 0 runs, 0 hits, 0 errors, 0 left on base; Ellesmere Island 2 - San Diego 4
TOP OF THE 7TH
Ellesmere Island Snowpeople batting - Pitching for San Diego Clippers : LHP Riley Evans
Batting: RHB Carlos Moreno 0-0: Called Strike
0-1: Foul Ball, location: 2F
0-2: Ball
1-2: Ball
2-2: Ground out 6-3 (Groundball, 6)
Batting: RHB Feng-yi Wen 0-0: Called Strike
0-1: Ball
1-1: Called Strike
1-2: Foul Ball, location: 2F
1-2: Ball
2-2: Strikes out swinging
Batting: RHB José González 0-0: Foul Ball, location: 2F
0-1: Called Strike
0-2: Foul Ball, location: 2F
0-2: Strikes out swinging
Top of the 7th over - 0 runs, 0 hits, 0 errors, 0 left on base; Ellesmere Island 2 - San Diego 4
BOTTOM OF THE 7TH
San Diego Clippers batting - Pitching for Ellesmere Island Snowpeople : LHP Jian-gun Lin
Batting: LHB Luis López 0-0: Swinging Strike
0-1: Foul Ball, location: 2F
0-2: Ball
1-2: Foul Ball, location: 2F
1-2: Strikes out looking
Batting: LHB Tony Worley 0-0: Ball
1-0: Foul Ball, location: 2F
1-1: Swinging Strike
1-2: Ball
2-2: Foul Ball, location: 2F
2-2: Strikes out swinging
Batting: RHB Cleveland Mortimer 0-0: Ball
1-0: Ball
2-0: Ball
3-0: Base on Balls
Batting: RHB Bill Fernández 0-0: Fielders Choice at 2nd, 5-4 (Groundball, 56)
Bottom of the 7th over - 0 runs, 0 hits, 0 errors, 1 left on base; Ellesmere Island 2 - San Diego 4
TOP OF THE 8TH
Ellesmere Island Snowpeople batting - Pitching for San Diego Clippers : LHP Riley Evans
Batting: SHB Armond Buonaiuti 0-0: Ball
1-0: Ball
2-0: Called Strike
2-1: Swinging Strike
2-2: Ball
3-2: Strikes out looking
Batting: RHB Tristan Eikelenboom 0-0: Fly out, F8 (Flyball, 8RM)
Batting: RHB Luigino Colombo 0-0: Called Strike
0-1: Foul Ball, location: 2F
0-2: Ball
1-2: Ball
2-2: Foul Ball, location: 2F
2-2: SINGLE (Line Drive, 78M)
Pitching: RHP Kane Duckering
Batting: LHB Jacques Viceronte 0-0: Foul Ball, location: 2F
0-1: Ball
1-1: Ball
2-1: Foul Ball, location: 2F
2-2: Hit by Pitch
Luigino Colombo to second
Batting: RHB Riemer Kila 0-0: Ball
1-0: Called Strike
1-1: Swinging Strike
1-2: Ball
2-2: Strikes out looking
Top of the 8th over - 0 runs, 1 hit, 0 errors, 2 left on base; Ellesmere Island 2 - San Diego 4
BOTTOM OF THE 8TH
San Diego Clippers batting - Pitching for Ellesmere Island Snowpeople : LHP Jian-gun Lin
Batting: RHB Zhen-bang Kwan 0-0: Ball
1-0: Swinging Strike
1-1: Ball
2-1: Ball
3-1: Called Strike
3-2: Foul Ball, location: 2F
3-2: Base on Balls
Batting: LHB Pedro Serano 0-0: Ball
1-0: Ball
2-0: Foul Ball, location: 2F
2-1: Ball
3-1: Base on Balls
Zhen-bang Kwan to second
Batting: RHB Man-su Chong 0-0: Ball
1-0: Fly out, F7 (Flyball, 78D)
Batting: LHB Dan Hines 0-0: Foul Ball, location: 2F
0-1: Ball
1-1: Foul Ball, location: 2F
1-2: Strikes out looking
Batting: RHB Sze Qi 0-0: Fly out, F5 (Popup, 5S)
Bottom of the 8th over - 0 runs, 0 hits, 0 errors, 2 left on base; Ellesmere Island 2 - San Diego 4
TOP OF THE 9TH
Ellesmere Island Snowpeople batting - Pitching for San Diego Clippers : RHP Kane Duckering
Now at 1B: David Sheehan
Batting: RHB Teok-kyu Pak 0-0: Called Strike
0-1: Swinging Strike
0-2: Ball
1-2: Foul Ball, location: 2F
1-2: Strikes out swinging
Batting: RHB Carlos Moreno 0-0: Called Strike
0-1: Ball
1-1: Foul Ball, location: 2F
1-2: Ball
2-2: Strikes out looking
Batting: RHB Feng-yi Wen 0-0: Swinging Strike
0-1: Ball
1-1: Ball
2-1: Ball
3-1: SINGLE (Groundball, 56D)
Pinch Hitting: RHB Omer van de Linde 0-0: Fly out, F5 (Popup, 5SF)
Top of the 9th over - 0 runs, 1 hit, 0 errors, 1 left on base; Ellesmere Island 2 - San Diego 4
Friday, March 29th, 2019 - OOTP Baseball 18.8 Build 76